 Dungeon Crawl Stone Soup version 0.28-a0-662-g1651b1f1e0 (webtiles) character file.

Game seed: 11297417179151225894

25 voltaire321 the Sneak (level 3, 0/20 HPs)
             Began as a Kobold Enchanter on Oct 15, 2021.
             Slain by an orc (3 damage)
             ... on level 2 of the Dungeon.
             The game lasted 00:02:09 (867 turns).

voltaire321 the Sneak (Kobold Enchanter)             Turns: 867, Time: 00:02:10

Health: 0/20       AC:  2    Str:  5    XL:     3   Next: 17%
Magic:  6/6        EV: 15    Int: 16    God:
Gold:   58         SH:  0    Dex: 16    Spells: 4/6 levels left

rFire   . . .      SeeInvis .   a - +1 dagger
rCold   . . .      Faith    .   (shield restricted)
rNeg    . . .      Spirit   .   b - +0 robe
rPois   .          Reflect  .   (no helmet)
rElec   .          Harm     .   (no cloak)
rCorr   .          Rampage  .   (no gloves)
Will    .....                   (no boots)
Stlth   ++++......              (no amulet)
HPRegen 0.06/turn               (no ring)
MPRegen 0.10/turn               (no ring)

@: no status effects
A: small, no large weapons, nightstalker 3
a: no special abilities


You were on level 2 of the Dungeon.
You visited 1 branch of the dungeon, and saw 2 of its levels.

You collected 58 gold pieces.

Inventory:

Hand Weapons
 a - a +1 dagger (weapon)
Armour
 b - a +0 robe (worn)
 e - a +0 kite shield
Scrolls
 d - a scroll of enchant weapon {unknown}
 f - a scroll of enchant armour {unknown}
Potions
 c - a potion of invisibility


   Skills:
 + Level 0.9 Fighting
 + Level 1.9 Short Blades
 + Level 2.7 Dodging
 + Level 4.3 Stealth
 + Level 2.4 Spellcasting
 + Level 3.1 Hexes
 + Level 0.4 Ice Magic


You had 4 spell levels left.
You knew the following spells:

 Your Spells              Type           Power      Damage    Failure   Level
a - Ensorcelled Hibernat  Hex/Ice        14%        N/A       14%         2

Your spell library contained the following spells:

 Spells                   Type           Power      Damage    Failure   Level
 Confusing Touch          Hex            12%        N/A       16%         3
 Tukima's Dance           Hex            12%        N/A       16%         3
 Dazzling Flash           Conj/Hex       14%        N/A       30%         3


Dungeon Overview and Level Annotations

Branches:
Dungeon (2/15)

Altars:

Shops:
D:1 *


Innate Abilities, Weirdness & Mutations

You are small and have problems with some larger weapons.
You are completely attuned to the shadows.


Message History

Your experience leads to an increase in your attributes!
Increase (S)trength, (I)ntelligence, or (D)exterity?
You feel agile.
You now have enough gold to buy a potion of heal wounds on D:1.
You can access your shopping list by pressing '$'.
You now have 58 gold pieces (gained 11).
An orc priest comes into view. It is wielding a +0 club.
An orc priest comes into view. It is wielding a +0 whip.
The orc priest shouts! x2; You hear a shout!
The orc priest miscasts a cantrip.
An orc comes into view. It is wielding a +0 trident.
The orc shouts!
You hit the orc priest but do no damage.
You hear a shout!
The orc priest hits you with a +0 club.
The orc priest begins to cast a cantrip, but forgets the words!
You hit the orc priest.
The orc priest is moderately wounded.
An orc wizard comes into view. It is wielding a +0 dagger.
An orc priest comes into view. It is wielding a +0 club.
The orc priest invokes the aid of Beogh against you.
You barely resist.
The orc throws a boomerang.
The boomerang barely misses you.
You hit the orc priest but do no damage.
The orc priest is moderately wounded.
A bat comes into view.
The orc priest calls down the wrath of Beogh upon you.
Beogh smites you!
Ouch! That really hurt!
* * * LOW HITPOINT WARNING * * *
The orc wizard casts a spell.
The orc wizard flickers and vanishes!
Deactivating autopickup; reactivate with Ctrl-A.
The orc priest completely misses you.
The orc throws a boomerang.
The boomerang misses you. The orc priest hits you with a +0 whip.
* * * LOW HITPOINT WARNING * * *
The bat moves out of view.
You hit the orc priest but do no damage.
The orc priest barely misses you.
The orc hits you from afar with a +0 trident.
You die...

#.#^ #.#. . ...
.# #.......
#+#.##.#.#.o.....
....<..#.#..o....
......)......o...
..[....#.#.o@...b
.......#.#.......
#........#...##..
######.##<...# .
#........†.#
#....##...>#
#....##....#
#....##.####
#........#


You could see 3 orc priests, an orc and a bat.

Vanquished Creatures
  An adder (D:2)
  A dart slug (D:2)
  4 ball pythons (D:1)
  2 endoplasms (D:1)
  4 hobgoblins (D:1)
  A rat (D:1)
13 creatures vanquished.

Notes
Turn   | Place    | Note
-------+----------+-------------------------------------------
     0 | D:1      | voltaire321 the Kobold Enchanter began the quest for the
                  | Orb.
     0 | D:1      | Reached XP level 1. HP: 10/10 MP: 3/3
   327 | D:1      | Found Cuobarapn's General Store.
   356 | D:1      | Reached XP level 2. HP: 16/16 MP: 5/5
   359 | D:1      | Learned a level 2 spell: Ensorcelled Hibernation
   859 | D:2      | Reached XP level 3. HP: 20/20 MP: 6/6
   867 | D:2      | Slain by an orc

Illustrated notes

Levels and vault maps discovered:
D:1:      minmay_arrival_jagged, layout_basic, serial_shops, shop
D:2:      layout_basic, serial_corexii_hall, chequers_hall_statues_y,
          chequers_hall_statues_y, uniq_sigmund

Action                   || total
-------------------------++-------
Melee: Dagger            ||    36
 Stab: Sleeping          ||     8
Armor: Robe              ||     2
Dodge: Dodged            ||    20

Table legend: (Time is in decaauts)
 A = Elapsed time spent in this place.
 B = Non-inter-level travel time spent in this place.
 C = Inter-level travel time spent in this place.
 D = Time resting spent in this place.
 E = Time spent auto-exploring this place.
 F = Levels seen in this place.
 G = Mean time per level.
                   A        B        C        D        E       F      G
               +--------+--------+--------+--------+--------+-----+--------+
         Total |    863 |    838 |     25 |    226 |    443 |   2 |  431.5 |
       Dungeon |    863 |    838 |     25 |    226 |    443 |   2 |  431.5 |
               +--------+--------+--------+--------+--------+-----+--------+

Top non-repeatable levels by time:
     D:1: 837 daAuts
     D:2: 26 daAuts
